 Dungeon Crawl Stone Soup version 0.30-b1-2-g02819fbbbe (webtiles) character file.

Game seed: 10875933018833758248

16607 caveywoolpert the Fighter (level 12, -14/76 HPs)
             Began as a Gargoyle Earth Elementalist on May 13, 2023.
             Was a High Priest of Vehumet.
             Demolished by a reaper
             ... wielding a +1 scythe of freezing
              (32 damage)
             ... in an ice cave.
             The game lasted 00:20:46 (12796 turns).

caveywoolpert the Fighter (GrEE)                   Turns: 12796, Time: 00:20:46

Health: -14/76     AC: 19    Str: 11    XL:     12   Next: 39%
Magic:  16/24      EV: 13    Int: 37    God:    Vehumet [*****.]
Gold:   677        SH:  0    Dex: 13    Spells: 18/28 levels left

rFire   x . .        A - staff of death "Nunovuna" {rN+ Int+6 Dex+3 SInv Stlth-}
rCold   + . .        (no shield)
rNeg    + + .        D - +2 robe {Will+}
rPois   ∞            H - +2 helmet {Int+3}
rElec   +            (no cloak)
rCorr   .            O - +0 pair of gloves
SInv    +            v - +0 pair of boots
Will    +....        (no amulet)
Stlth   +            x - +6 ring of intelligence
HPRegen 0.32/turn    I - ring of ice
MPRegen 0.19/turn

%: no passive effects
@: studying Long Blades
A: sickness immunity, AC +8, negative energy resistance 1, electricity
resistance, torment resistance 1, petrification resistance
a: Renounce Religion


You were in an ice cave.
You worshipped Vehumet.
Vehumet was extremely pleased with you.
You visited 2 branches of the dungeon, and saw 12 of its levels.
You also visited: Bailey and Ice Cave.

You collected 935 gold pieces.
You spent 258 gold pieces at shops.

Inventory:

Hand Weapons
 d - the +5 Force Lance {heavy, knockback}
   (You found it on level 7 of the Dungeon)
Armour
 h - the +2 robe of the Blessed Realm {Regen+ MP-9 Dex+7}
   (You found it on level 7 of the Dungeon)

   Dex:       It affects your dexterity (+7).
   MP:        It affects your magic capacity (-9).
   Regen:     It increases your rate of health regeneration.
 v - a +0 pair of boots (worn)
 D - a +2 robe of willpower (worn)
 H - a +2 helmet of intelligence (worn)
 O - a +0 pair of gloves (worn)
Magical Staves
 A - the staff of death "Nunovuna" (weapon) {rN+ Int+6 Dex+3 SInv Stlth-}
   (You found it on level 3 of the Dungeon)

   [staff of death]

   Base accuracy: +5 Base damage: 5 Base attack delay: 1.2 This weapon's minimum
   attack delay (0.6) is reached at skill level 12.
   Int:       It affects your intelligence (+6).
   Dex:       It affects your dexterity (+3).
   rN:        It protects you from negative energy.
   SInv:      It lets you see invisible.
   Stlth:     It makes you less stealthy.
   It falls into the 'Staves' category.
   It is a one-handed weapon.
Jewellery
 a - a +5 ring of evasion
 x - a +6 ring of intelligence (left hand)
 y - a ring of wizardry
 I - a ring of ice (right hand)
Wands
 t - a wand of flame (20)
 C - a wand of roots (16)
Scrolls
 c - 5 scrolls of enchant armour
 e - 3 scrolls of poison
 g - 6 scrolls of teleportation
 j - a scroll of blinking
 k - 2 scrolls of butterflies
 n - a scroll of silence
 o - a scroll of enchant weapon
 p - a scroll of vulnerability
 q - 2 scrolls of fear
 z - 2 scrolls of amnesia
 E - a scroll of torment
 G - a scroll of fog
 M - a scroll of immolation
Potions
 b - 4 potions of magic
 f - 7 potions of haste
 i - 5 potions of mutation {unknown}
 m - a potion of degeneration {unknown}
 r - 10 potions of curing
 s - 2 potions of lignification {unknown}
 u - 4 potions of might {unknown}
 w - 2 potions of ambrosia {unknown}
 B - a potion of brilliance {unknown}
 F - 9 potions of cancellation {unknown}
 K - 3 potions of heal wounds {unknown}
 L - a potion of invisibility
 N - 2 potions of resistance
Miscellaneous
 J - a phial of floods


   Skills:
 + Level 9.6 Fighting
 + Level 9.5 Armour
 - Level 5.0 Dodging
 - Level 2.1 Stealth
 + Level 8.9 Spellcasting
 - Level 5.0 Conjurations
 - Level 0.7 Transmutations
 + Level 8.0 Fire Magic
 + Level 8.6 Earth Magic


You had 18 spell levels left.
You knew the following spells:

 Your Spells              Type           Power      Damage    Failure   Level
a - Sandblast             Erth           100%       2d20      1%          1
b - Stone Arrow           Conj/Erth      100%       3d13      1%          3
c - Iron Shot             Conj/Erth      30%        9d6       6%          6

Your spell library contained the following spells:

 Spells                   Type           Power      Damage    Failure   Level
 Beastly Appendage        Tmut           42%        N/A       1%          1
 Freeze                   Ice            96%        1d10      1%          1
 Passwall                 Tmut/Erth      41%        N/A       1%          2
 Hailstorm                Conj/Ice       51%        3d11      1%          3
 Wereblood                Tmut           21%        N/A       2%          2
 Frozen Ramparts          Ice            48%        1d8       2%          3
 Ensorcelled Hibernation  Hex/Ice        48%        N/A       3%          2
 Petrify                  Tmut/Erth      50%        N/A       3%          4
 Spider Form              Tmut/Pois      19%        N/A       6%          3
 Anguish                  Hex/Necr       12%        N/A       24%         4
 Malign Gateway           Summ/Tloc      8%         N/A       100%        7
 Summon Horrible Things   Summ           8%         N/A       100%        8


Dungeon Overview and Level Annotations

Branches:
Dungeon (11/15)            Temple (0/1) D:6            Lair (1/5) D:11
    Orc (0/2) D:10         Bailey (visited)           IceCv (1/1)

Altars:
Ashenzari
Dithmenos
Elyvilon
Hepliaklqana
Nemelex Xobeh
Ru
Uskayaw
Vehumet
Wu Jian
Yredelemnul
Zin

Shops:
D:5 *   D:8 [   D:10 (   D:11 *

Annotations:
D:3 3 runed translucent doors, raph's ghost, amateur HuHW


Innate Abilities, Weirdness & Mutations

You are immune to sickness and miasma.
Your stone body is resilient. (AC +8)
You are immune to poison.
You resist negative energy. (rN+)
You are resistant to electric shocks. (rElec)
You are resistant to unholy torment.
You are immune to petrification.


Message History

The anaconda simulacrum closely misses you.
The anaconda simulacrum completely misses you.
The anaconda simulacrum bites you but does no damage.
Okay, then.
Casting: Stone Arrow (safe; 1% risk of failure)
Confirm with . or Enter, or press ? or * to list all spells.
Aiming: Sandblast (safe; 1% risk of failure)
Press: ? - help, Shift-Dir - straight line, f - anaconda simulacrum
Aim: an anaconda simulacrum (84% to hit)
The blast of sand hits the anaconda simulacrum!!
The anaconda simulacrum is severely damaged.
The anaconda simulacrum grabs you. The anaconda simulacrum bites you.
The anaconda simulacrum freezes you! You resist.
The anaconda simulacrum constricts you. The reaper barely misses you.
The anaconda simulacrum barely misses you.
The anaconda simulacrum constricts you.
The reaper hits you from afar with a +1 scythe of freezing!
The reaper freezes you.
Casting: Sandblast (safe; 1% risk of failure)
Confirm with . or Enter, or press ? or * to list all spells.
Aiming: Stone Arrow (safe; 1% risk of failure)
Press: ? - help, Shift-Dir - straight line, f/p - anaconda simulacrum
Aim: an anaconda simulacrum (severely damaged, constricting you, 75% to hit)
The stone arrow hits the anaconda simulacrum!!
The anaconda simulacrum vaporises!
Vehumet accepts your kill.
You feel your power returning.
The reaper hits you from afar with a +1 scythe of freezing!!
* * * LOW HITPOINT WARNING * * *
The reaper freezes you.
* * * LOW HITPOINT WARNING * * *
Casting: Stone Arrow (safe; 1% risk of failure)
Confirm with . or Enter, or press ? or * to list all spells.
Aiming: Iron Shot (dangerous; 6% risk of failure)
Press: ? - help, Shift-Dir - straight line, f - reaper
Aim: a reaper, wielding a +1 scythe of freezing (74% to hit)
The iron shot hits the reaper!!!
The reaper is heavily wounded.
The reaper hits you from afar with a +1 scythe of freezing!!
You die...

##.# ##.#
#...#.## ##.#
##..# #...#..#
#.## #..##
##...### #.##
#..# #####..#
#..##
##.####.####.#
##..###..#
#[..##..#
#...#..##
#...##.##
##.....#
#......#
#.⌠..##
##@#..##
#...##
##°##### ##..#
#2##.## ##.#
##.#.2# .##
##2#..Z...# #
#.#ZZ..#$)
####ZZ.# #.##
##


You could see a reaper.

Vanquished Creatures
  A catoblepas (Lair:1)
  5 two-headed ogres
  A manticore (D:11)
  A cyclops (D:11)
  An ice statue (IceCv)
  Joseph (D:7)
  A cane toad (Lair:1)
  An anaconda simulacrum (IceCv)
  3 komodo dragons
  2 ice devils (Lair:1)
  A troll (D:11)
  A hornet (D:9)
  Grinder (D:3)
  2 shadows (D:11)
  A wraith (D:10)
  2 wyverns
  A steam dragon (D:6)
  13 yaks
  3 death yak simulacra (IceCv)
  An acid dragon (D:11)
  A water moccasin (D:8)
  2 hydra simulacra (IceCv)
  Duvessa (D:7)
  3 ice beasts
  5 orc warriors
  2 black bears
  3 ogres
  4 centaurs
  3 phantoms
  3 kobold brigands
  4 bullfrogs
  Blork the orc (D:4)
  3 cane toad simulacra (IceCv)
  A gnoll sergeant (D:8)
  3 scorpions
  2 two-headed ogre simulacra (IceCv)
  10 wights
  Dowan (D:7)
  An elephant simulacrum (IceCv)
  7 killer bees
  A jelly (D:6)
  10 orc priests
  4 hounds
  A gnoll bouda (D:8)
  25 orc wizards
  A sleepcap (D:4)
  6 iguanas
  A troll simulacrum (IceCv)
  2 polar bear simulacra (IceCv)
  11 spriggan simulacra (IceCv)
  A wolf simulacrum (IceCv)
  17 gnolls
  4 naga simulacra (IceCv)
  3 adders
  2 shadow imps
  9 white imps
  7 ufetubi
  A worm (D:4)
  4 dart slugs
  76 orcs
  6 bats
  11 endoplasms
  2 giant cockroaches (D:2)
  12 goblins
  14 hobgoblins
  A jackal (D:2)
  27 kobolds
  3 quokkas
  7 ball pythons
  A frilled lizard (D:1)
  3 rats
376 creatures vanquished.

Vanquished Creatures (others)
  A fungus (Lair:1)
  6 plants
7 creatures vanquished.

Grand Total: 383 creatures vanquished

Notes
Turn   | Place    | Note
-------+----------+-------------------------------------------
     0 | D:1      | caveywoolpert the Gargoyle Earth Elementalist began the
                  | quest for the Orb.
     0 | D:1      | Reached XP level 1. HP: 10/10 MP: 3/3
    60 | D:1      | Reached XP level 2. HP: 12/15 MP: 0/5
   522 | D:1      | Reached XP level 3. HP: 14/19 MP: 3/6
   526 | D:1      | Learned a level 3 spell: Stone Arrow
  1280 | D:2      | Reached skill level 1 in Conjurations
  1570 | D:2      | Reached XP level 4. HP: 24/24 MP: 6/8
  2333 | D:2      | You fall into a shaft and drop 2 floors!
  2370 | D:4      | Reached skill level 5 in Earth Magic
  2442 | D:4      | Noticed a bullfrog
  2449 | D:4      | Killed a bullfrog
  2450 | D:4      | Reached XP level 5. HP: 19/28 MP: 5/10
  2534 | D:4      | Found a white marble altar of Elyvilon.
  2550 | D:4      | Reached XP level 6. HP: 31/33 MP: 7/11
  2802 | D:3      | Found a broken altar of Ashenzari.
  2835 | D:3      | Reached skill level 1 in Armour
  3046 | D:3      | Found a radiant altar of Vehumet.
  3063 | D:3      | Became a worshipper of Vehumet
  3131 | D:3      | Found a shadowy altar of Dithmenos.
  3156 | D:3      | Noticed Grinder
  3193 | D:4      | Reached skill level 1 in Fighting
  3268 | D:4      | Noticed Blork the orc
  3272 | D:4      | Killed Blork the orc
  3662 | D:5      | Entered Level 5 of the Dungeon
  3701 | D:5      | Reached XP level 7. HP: 38/38 MP: 8/13
  4086 | D:5      | Found Rakeveloq's General Store.
  4134 | D:5      | Reached XP level 8. HP: 45/45 MP: 5/14
  4467 | D:3      | Killed Grinder
  4651 | D:3      | Found a runed translucent gate.
  4652 | D:3      | Found a runed translucent gate.
  4652 | D:3      | Found a runed translucent gate.
  4652 | D:3      | Noticed raph's ghost (amateur HuHW)
  4654 | D:3      | Identified the +7 chain mail of Ettom {rPois rC- Str+5
                  | Stlth+}
  4721 | D:3      | Reached * piety under Vehumet
  4721 | D:3      | Offered knowledge of Foxfire by Vehumet.
  4836 | D:3      | Identified the staff of death "Nunovuna" {rN+ Int+6 Dex+3
                  | SInv Stlth-}
  5100 | D:6      | Reached skill level 1 in Fire Magic
  5245 | D:6      | Reached skill level 5 in Spellcasting
  5280 | D:6      | Reached skill level 5 in Conjurations
  5354 | D:6      | Reached XP level 9. HP: 52/52 MP: 5/16
  5885 | D:6      | Found a staircase to the Ecumenical Temple.
  5941 | D:6      | Reached ** piety under Vehumet
  5941 | D:6      | Offered knowledge of Searing Ray by Vehumet.
  6143 | D:6      | Found a sparkling altar of Nemelex Xobeh.
  6258 | D:7      | Noticed Joseph
  6264 | D:6      | Reached skill level 5 in Fighting
  6415 | D:7      | Killed Joseph
  6416 | D:7      | Reached skill level 5 in Armour
  6512 | D:7      | Found the +5 Force Lance {heavy, knockback}
  6731 | D:7      | Identified the +2 robe of the Blessed Realm {Regen+ MP-9
                  | Dex+7}
  6755 | D:7      | Noticed Duvessa
  6767 | D:7      | Killed Duvessa
  6810 | D:7      | Noticed Dowan
  6812 | D:7      | Killed Dowan
  6813 | D:7      | Reached XP level 10. HP: 54/60 MP: 11/19
  7010 | D:7      | Offered knowledge of Volatile Blastmotes by Vehumet.
  7414 | D:8      | Reached *** piety under Vehumet
  7480 | D:8      | Found Muuso's Armour Emporium.
  7489 | D:8      | Bought a +2 helmet of intelligence for 258 gold pieces
  7517 | D:8      | Reached skill level 5 in Dodging
  7848 | D:8      | Found a glowing silver altar of Zin.
  8109 | D:8      | Offered knowledge of Inner Flame by Vehumet.
  8392 | D:8      | Found a hazy altar of Hepliaklqana.
  8517 | D:9      | Reached skill level 5 in Fire Magic
  8746 | D:9      | Found a sacrificial altar of Ru.
  8837 | D:9      | Noticed a two-headed ogre
  8843 | D:9      | Killed a two-headed ogre
  8987 | D:9      | Found an ornate altar of the Wu Jian Council.
  9055 | D:10     | Entered Level 10 of the Dungeon
  9094 | D:10     | Found a flagged portal.
  9107 | Bailey   | Entered a bailey
  9172 | Bailey   | Reached **** piety under Vehumet
  9243 | Bailey   | Offered knowledge of Arcjolt by Vehumet.
  9426 | D:10     | Found Omausanu's Weapon Emporium.
  9461 | D:10     | Noticed a two-headed ogre
  9464 | D:10     | Reached XP level 11. HP: 67/67 MP: 16/22
  9476 | D:10     | Killed a two-headed ogre
  9666 | D:10     | Noticed a two-headed ogre
  9671 | D:10     | Killed a two-headed ogre
  9726 | D:10     | Found a staircase to the Orcish Mines.
  9740 | D:10     | Reached ***** piety under Vehumet
  9848 | D:10     | Offered knowledge of Iron Shot by Vehumet.
  9858 | D:10     | Learned a level 6 spell: Iron Shot
 10132 | D:10     | Found a hide-covered altar of Uskayaw.
 10415 | D:10     | Found a basalt altar of Yredelemnul.
 10472 | D:11     | Noticed a two-headed ogre
 10480 | D:11     | Killed a two-headed ogre
 10703 | D:11     | Noticed a manticore
 10709 | D:11     | Killed a manticore
 10998 | D:11     | Noticed a two-headed ogre
 11003 | D:11     | Killed a two-headed ogre
 11082 | D:11     | Found Qoideotz's Assorted Antiques.
 11088 | D:11     | Noticed a cyclops
 11093 | D:11     | Killed a cyclops
 11112 | D:11     | Reached XP level 12. HP: 59/76 MP: 12/24
 11189 | D:11     | Found a staircase to the Lair.
 11433 | Lair:1   | Entered Level 1 of the Lair of Beasts
 11436 | Lair:1   | Noticed a catoblepas
 11444 | Lair:1   | Killed a catoblepas
 11980 | Lair:1   | Found a frozen archway.
 11996 | IceCv    | Entered an ice cave
 12787 | IceCv    | Noticed a reaper
 12796 | IceCv    | Demolished by a reaper

Illustrated notes

Levels and vault maps discovered:
D:1:      psy_arrival_radial02, layout_basic, minmay_small_reverse_x
D:2:      layout_basic, minmay_pentomino_pile
D:3:      layout_rooms, vehumet_altar_wand_db, nicolae_dithmenos_shadow_blocks,
          ashenzari_altar_1, biasface_ghost_orc_armoury, uniq_grinder
D:4:      layout_basic, nicolae_elyvilon_peaceful_grove,
          minmay_manual_mandibuliform, uniq_blork_the_orc
D:5:      layout_rooms, serial_shops, shop, minmay_strange_pillars
D:6:      layout_cave_pools, minmay_temple_entry_poolview, st_stairs_10,
          kennysheep_diamond, minmay_fractal_squares_5
D:7:      minmay_flawed_box, layout_rooms, nrook_loot_triangle, uniq_joseph,
          uniq_duvessa
D:8:      layout_rooms, lemuel_doored_altar, nzn_hepliaklqana_mist_gate,
          serial_shops, shop, serial_co_window_serial, co_window_paths_b,
          co_window_paths_a, co_window_corner_a, co_window_corner_a,
          co_window_paths_a, co_window_paths_b, co_window_of_opportunity_a,
          co_window_unsneaky_path_d, co_window_corner_b, co_window_paths_c,
          co_window_cross_3, co_window_2corner, co_window_corner_cb,
          st_stairs_14
D:9:      layout_layer_cave, nicolae_wu_jian_wuxing_cycle,
          mainiacjoe_overflow_cross_hatched
D:10:     layout_loops_ring, lemuel_tele_altar,
          mainiacjoe_overflow_concentric_impassable, hiddenorc2_lemuel,
          serial_shops, nicolae_shop_window_shopping, enter_bailey_3
D:11:     layout_loops_ring, david_lair_shrubbed, serial_shops,
          nicolae_shop_stone, chequers_serial_rivers_small_b
Lair:1:   layout_hall_layers, portal_ice_cave_demonic_guard
IceCv:    ice_cave_caverns_01

Skill      XL: |  1  2  3  4  5  6  7  8  9 10 11 12 |
---------------+-------------------------------------+-----
Earth Magic    | 4 5 6 7 8 |  8.6
Conjurations   | 1 2 3 4 5 |  5.0
Spellcasting   | 3 4 5 6 7 8 |  8.9
Armour         | 1 2 4 5 7 9 |  9.5
Fighting       | 1 2 4 5 7 9 |  9.6
Dodging        | 2 3 4 5 |  5.0
Fire Magic     | 2 4 5 7 8 |  8.0
Stealth        | |  2.1
Transmutations | |  0.7

Action                     |  1- 3 |  4- 6 |  7- 9 | 10-12 || total
---------------------------+-------+-------+-------+-------++-------
  Melee: Spear             |    14 |       |       |       ||    14
         Dagger            |       |    10 |     9 |       ||    19
         Staff             |       |       |       |    10 ||    10
         Punch             |       |       |       |     1 ||     1
   Cast: Sandblast         |    57 |    61 |   126 |   313 ||   557
         Stone Arrow       |       |     2 |    27 |    74 ||   103
         Iron Shot         |       |       |       |     4 ||     4
  Evoke: Wand              |       |       |     3 |     2 ||     5
    Use: Potion            |       |       |     1 |       ||     1
         Scroll            |       |       |     8 |     8 ||    16
   Stab: Sleeping          |     2 |       |       |       ||     2
 Armour: Robe              |    13 |     6 |    34 |    85 ||   138
  Dodge: Dodged            |    10 |    20 |    48 |   146 ||   224
